 Dungeon Crawl Stone Soup version 0.23.0-3-gf3c87f2 (webtiles) character file.

Game seed: 12506586356218348193

30 Semilg the Magician (level 3, -6/26 HPs)
             Began as a Hill Orc Wizard on Feb 20, 2019.
             Killed from afar by a jackal (12 damage)
             ... with an exploding inner flame
             ... hexed by the player character
             ... on level 2 of the Dungeon.
             The game lasted 00:09:21 (1278 turns).

Semilg the Magician (Hill Orc Wizard)               Turns: 1278, Time: 00:09:21

Health: -6/26      AC:  2    Str: 10      XL:     3   Next: 20%
Magic:  2/7        EV: 12    Int: 16 (18) God:
Gold:   55         SH:  0    Dex:  8 (9)  Spells: 6/7 levels left

rFire    . . .     SeeInvis .   f - +0 dagger
rCold    . . .     Gourm    .   (no shield)
rNeg     . . .     Faith    .   a - +0 robe
rPois    .         Spirit   .   b - +0 hat
rElec    .         Reflect  .   (no cloak)
rCorr    .         Harm     .   (no gloves)
MR       .....                  (no boots)
Stlth    ++........             (no amulet)
HPRegen  0.08/turn              (no ring)
MPRegen  0.10/turn              (no ring)

@: no status effects
A: no striking features
a: no special abilities


You were on level 2 of the Dungeon.
You were not hungry.

You visited 1 branch of the dungeon, and saw 2 of its levels.

You collected 55 gold pieces.

Inventory:

Hand Weapons
 f - a +0 dagger (weapon)
Armour
 a - a +0 robe (worn)
 b - a +0 hat (worn)
Scrolls
 c - a scroll of enchant armour {unknown}
 g - a scroll of noise {unknown}
 i - a scroll of identify {unknown}
 j - a scroll of magic mapping {unknown}
 k - a scroll of fear {unknown}
Potions
 h - a potion of curing {unknown}
Comestibles
 d - 4 rations


   Skills:
 + Level 0.2 Fighting
 + Level 0.2 Short Blades
 + Level 2.0 Dodging
 + Level 1.7 Stealth
 + Level 0.4 Unarmed Combat
 + Level 2.8 Spellcasting
 + Level 1.3 Conjurations
   Level 1.0 Summonings
   Level 0.7 Translocations


You had 6 spell levels left.
You knew the following spells:

 Your Spells              Type           Power        Failure   Level  Hunger
a - Magic Dart            Conj           #...         11%         1    #......

Your spell library contained the following spells:

 Spells                   Type           Power        Failure   Level  Hunger
 Call Imp                 Summ           #.......     19%         2    ##.....
 Blink                    Tloc           N/A          22%         2    ##.....
 Slow                     Hex            #.......     28%         2    ##.....
 Conjure Flame            Conj/Fire      #.......     41%         3    ###....
 Mephitic Cloud           Conj/Pois/Air  #.......     43%         3    ###....


Dungeon Overview and Level Annotations

Branches:
Dungeon (2/15)

Altars:
Qazlal


Message History

The jackal bites you.
* * * LOW HITPOINT WARNING * * *
The jackal misses you.
You are too injured to fight recklessly!
You are too injured to fight recklessly!
Casting: Magic Dart (safe; 11% risk of failure)
Confirm with . or Enter, or press ? or * to list all spells.
Aiming: Magic Dart (safe; 11% risk of failure)
Press: ? - help, Shift-Dir - straight line, f/p - hobgoblin
Aim: a hobgoblin, wielding a +0 club (almost dead, inner flame)
The magic dart hits the hobgoblin.
The hobgoblin explodes!
The fiery explosion engulfs the jackal!!!
The jackal explodes!
The fiery explosion engulfs the jackal!!!
The jackal explodes!
The fiery explosion engulfs the jackal!!
The jackal explodes!
The fiery explosion engulfs you!
You die...

##..........###
###...............
.....####.####### ####
###.< #>.#
#...##...######.#######
#......................
..#..................###.
#.#......................
.......§§@§.....÷....####
#......§§§§...........#
.......§§§§...).......#
#......§§§§...........####
..........................
#.........................
.....................#....
#.........................
)....#.!#..#####...#......


There were no monsters in sight!

Vanquished Creatures
  An adder (D:2)
  A ball python (D:1)
  6 bats
  2 giant cockroaches
  3 goblins (D:1)
  A hobgoblin (D:1)
  2 frilled lizards
  4 kobolds
  A rat (D:1)
21 creatures vanquished.

Notes
Turn   | Place    | Note
-------+----------+-------------------------------------------
     0 | D:1      | Semilg the Hill Orc Wizard began the quest for the Orb.
     0 | D:1      | Reached XP level 1. HP: 14/14 MP: 3/3
   396 | D:1      | Reached XP level 2. HP: 9/20 MP: 1/5
   832 | D:2      | Found a stormy altar of Qazlal.
   924 | D:2      | Reached XP level 3. HP: 7/26 MP: 5/7
  1278 | D:2      | Killed from afar by a jackal

Skill      XL: |  1  2 |
---------------+-------+-----
Dodging        | 2 |  2.0
Fighting       | |  0.2
Short Blades   | |  0.2
Stealth        | |  1.7
Unarmed Combat | |  0.4
Spellcasting   | |  2.8
Conjurations   | |  1.3
Summonings     | |  1.0
Translocations | |  0.7

Action                   || total
-------------------------++-------
Melee: Unarmed           ||    39
       Dagger            ||    25
 Cast: Magic Dart        ||    43
  Use: Potion            ||     1
       Scroll            ||     1
  Eat: Chunk             ||     1
Armor: Robe              ||    32
Dodge: Dodged            ||    92
